 Dungeon Crawl Stone Soup version 0.21.0-36-ge3e1d5a (webtiles) character file.

112465 Firecrotchwizard the Phalangite (level 16, 0/141 HPs)
             Began as a Merfolk Berserker on Jan 30, 2018.
             Was a High Priest of Trog.
             Slain by a three-headed hydra (7 damage)
             ... on level 1 of the Swamp.
             The game lasted 01:09:29 (27887 turns).

Firecrotchwizard the Phalangite (MfBe)             Turns: 27887, Time: 01:09:30

Health: 0/141      AC: 15    Str: 20    XL:     16   Next: 60%
Magic:  21/21      EV: 29    Int:  6    God:    Trog [*****.]
Gold:   1243       SH:  4    Dex: 18    Spells: 15/15 levels left

rFire    + + .     SeeInvis +   O - +2 halberd (flame)
rCold    x . .     Gourm    .   (shield currently unavailable)
rNeg     + + .     Faith    .   d - +0 fire dragon scales
rPois    +         Spirit   .   a - +1 hat {MR+}
rElec    .         Reflect  +   K - +2 cloak
rCorr    .         Harm     .   (no gloves)
MR       ++...                  (boots currently unavailable)
Stlth    +.........             v - +4 amulet of reflection
HPRegen  0.33/turn              r - +4 ring of evasion
MPRegen  0.17/turn              S - ring "Oxzon" {+Inv rPois rN++ SInv}

@: very quick
A: change form in water, swift swim, stealthy swim
a: Berserk, Trog's Hand, Brothers in Arms, Burn Spellbooks, Renounce Religion,
Evoke Invisibility


You were on level 1 of the Swamp.
You worshipped Trog.
Trog was extremely pleased with you.
You were not hungry.

You visited 4 branches of the dungeon, and saw 24 of its levels.

You collected 2596 gold pieces.
You spent 1353 gold pieces at shops.

Inventory:

Hand Weapons
 t - a +3 antimagic glaive
   (Trog gifted it to you on level 13 of the Dungeon)
 L - a +2 glaive of freezing
   (Trog gifted it to you on level 3 of the Lair of Beasts)
 O - a +2 halberd of flaming (weapon)
   (You took it off Grum on level 9 of the Dungeon)
 X - a +3 antimagic bardiche
   (Trog gifted it to you on level 11 of the Dungeon)
Missiles
 j - 12 curare-tipped needles
 o - 2 tomahawks of dispersal {=f}
Armour
 a - a +1 hat of magic resistance (worn)
   (You bought it in a shop on level 2 of the Orcish Mines)
 d - +0 fire dragon scales (worn)
   (You found it on level 15 of the Dungeon)
 y - +2 steam dragon scales
   (You found it on level 5 of the Dungeon)
 K - a +2 cloak (worn)
   (You found it on level 8 of the Dungeon)
 Z - a +0 pair of boots (melded)
   (You found it on level 14 of the Dungeon)
Jewellery
 n - an uncursed ring of resist corrosion
   (You found it on level 2 of the Dungeon)
 r - a +4 ring of evasion (left hand)
   (You found it on level 5 of the Dungeon)
 s - a +5 ring of slaying
   (You found it on level 4 of the Dungeon)
 v - a +4 amulet of reflection (around neck)
   (You found it on level 2 of the Lair of Beasts)
 D - an uncursed ring of protection from cold {rC+, !d}
   (You found it on level 6 of the Dungeon)
 H - an uncursed ring of flight {+Fly, !d}
   (You found it on level 6 of the Lair of Beasts)
 R - an uncursed amulet of the gourmand {Gourm, !d}
   (You found it on level 5 of the Lair of Beasts)
 S - the ring "Oxzon" (right hand) {+Inv rPois rN++ SInv}
   (You bought it in a shop on level 11 of the Dungeon)

   [ring of poison resistance]

   It protects you from poison.
   It greatly protects you from negative energy.
   It lets you see invisible.
   It lets you turn invisible.
 Y - an uncursed ring of protection from magic {MR+, !d}
   (You found it on level 13 of the Dungeon)
Wands
 b - a wand of paralysis (27)
   (You took it off Joseph on level 10 of the Dungeon)
 C - a wand of iceblast (15)
   (You found it on level 6 of the Dungeon)
 F - a wand of random effects (65)
   (You found it on level 8 of the Dungeon)
 G - a wand of flame (131)
   (You found it on level 7 of the Dungeon)
 N - a wand of enslavement (18)
   (You found it on level 8 of the Dungeon)
 W - a wand of digging (9)
   (You found it on level 11 of the Dungeon)
Scrolls
 e - 7 scrolls of teleportation
 f - a scroll of holy word {!r}
 i - 4 scrolls of blinking {!r}
 m - a scroll of magic mapping {!r}
 p - 6 scrolls of identify
 A - 14 scrolls of remove curse
 J - a scroll of fear
 T - 2 scrolls of fog
Potions
 g - 3 potions of might
 h - 8 potions of curing
 k - 5 potions of degeneration {@e1!q}
 l - 2 potions of agility
 u - 4 potions of ambrosia
 w - 3 potions of haste
 x - a potion of invisibility {unknown}
 z - 3 potions of brilliance
 B - a potion of mutation {unknown}
 I - 3 potions of lignification {!q}
 M - 4 potions of flight
 P - a potion of berserk rage {unknown}
 Q - a potion of magic
 V - a potion of resistance {unknown}
Miscellaneous
 E - 2 sacks of spiders
Comestibles
 c - 39 rations {@e1}


   Skills:
 + Level 17.0 Fighting
 + Level 22.3 Polearms
 - Level 9.0 Armour
 - Level 14.3 Dodging
 - Level 7.7 Evocations


You had 15 spell levels left.
You didn't know any spells.

Dungeon Overview and Level Annotations

Branches:
Dungeon (15/15)            Temple (0/1) D:5            Lair (6/6) D:8
  Swamp (1/4) Lair:4       Spider (0/4) Lair:2        Slime (0/5) Lair:5
    Orc (2/2) D:9             Elf (0/3) Orc:2        Vaults (0/5) D:14
 Depths (0/5) D:15

Altars:
Ashenzari
Cheibriados
Dithmenos
Fedhas
Nemelex Xobeh
Qazlal
Uskayaw
Vehumet
Wu Jian
Xom
Jiyva

Shops:
D:4 !(*   D:5 *   D:11 !=   Orc:2 :*[(

Portals:
Trove: D:15 (give 12 potions of heal wounds)

Annotations:
D:4 1 runed door, exclusion: statue
D:7 exclusion: 2 slaves
D:8 exclusion: two-headed ogre
Lair:1 exclusion: oklob plant
Lair:3 exclusion: 2 oklob plants


Message History

The slime creature hits you but does no damage.
You slash the slime creature! You freeze the slime creature.
Two slime creatures merge to form a large slime creature.
You hit the large slime creature. You freeze the large slime creature.
You hit the large slime creature. You freeze the large slime creature.
Two slime creatures merge to form a very large slime creature.
You slash the very large slime creature!
You freeze the very large slime creature.
You slice the very large slime creature!!
You freeze the very large slime creature.
You slash the very large slime creature!
You freeze the very large slime creature!
The very large slime creature hits you!!!
You take 39 damage, and have 102/141 hp.
MASSIVE DAMAGE!!
Your legs become a tail as you enter the water.
Your +0 pair of boots melds into your body.
A seven-headed hydra comes into view.
The very large slime creature hits you!!!
Two slime creatures merge to form an enormous slime creature.
You hear an angry buzzing noise.
A slime creature comes into view.
You take 48 damage, and have 54/141 hp.
MASSIVE DAMAGE!!
You slash the enormous slime creature! You freeze the enormous slime creature.
You slice the enormous slime creature!! You freeze the enormous slime creature.
You hit the enormous slime creature. You freeze the enormous slime creature.
Your tail-slap misses the enormous slime creature.
An enormous slime creature splits.
You hit the large slime creature. You freeze the large slime creature.
The large slime creature misses you.
You slice the large slime creature!! You freeze the large slime creature.
A large slime creature splits.
You carve the slime creature like a ham!!!
You freeze the slime creature.
You kill the slime creature!
Trog accepts your kill.
You block the large slime creature's attack.
A hornet comes into view.
Okay, then.
As you read the scroll of fear, it crumbles to dust.
You assume a fearsome visage.
The seven-headed hydra resists with almost no effort.
The hornet looks frightened!
The slime creature resists with some effort.
The slime creature looks frightened!
The large slime creature looks frightened!
The hornet moves out of view.
The slime creature hits you but does no damage.
The seven-headed hydra completely misses you.
The seven-headed hydra bites you but does no damage.
The seven-headed hydra bites you! The seven-headed hydra misses you.
The seven-headed hydra closely misses you.
The seven-headed hydra misses you.
The seven-headed hydra completely misses you.
A bog body comes into view.
You take 7 damage, and have 49/141 hp.
Your +2 glaive of freezing stops glowing.
Your +2 halberd of flaming bursts into flame!
O - a +2 halberd of flaming (weapon)
The slime creature completely misses you.
You slice one of the seven-headed hydra's heads off!
The flame cauterises the wound!
You hit the six-headed hydra. You burn the six-headed hydra.
The six-headed hydra bites you!
* * * LOW HITPOINT WARNING * * *
The six-headed hydra barely misses you. The six-headed hydra bites you!
* * * LOW HITPOINT WARNING * * *
The six-headed hydra bites you but does no damage.
The six-headed hydra misses you.
You block the six-headed hydra's attack.
You take 19 damage, and have 30/141 hp.
You chop one of the six-headed hydra's heads off!
The flame cauterises the wound!
You puncture the five-headed hydra! You burn the five-headed hydra.
The slime creature completely misses you.
The five-headed hydra completely misses you.
The five-headed hydra bites you but does no damage.
The five-headed hydra completely misses you.
The five-headed hydra bites you!
* * * LOW HITPOINT WARNING * * *
The five-headed hydra barely misses you.
A spiny frog comes into view.
You take 11 damage, and have 19/141 hp.
The spiny frog gives a loud, deep croak!
You chop one of the five-headed hydra's heads off!
The flame cauterises the wound!
You impale the four-headed hydra!! You burn the four-headed hydra.
You block the slime creature's attack.
The four-headed hydra barely misses you.
The four-headed hydra bites you but does no damage.
The four-headed hydra barely misses you.
The four-headed hydra completely misses you.
You chop one of the four-headed hydra's heads off!
The flame cauterises the wound!
You puncture the three-headed hydra! You burn the three-headed hydra.
You block the slime creature's attack.
You hit the three-headed hydra. You burn the three-headed hydra.
The three-headed hydra bites you!
* * * LOW HITPOINT WARNING * * *
The three-headed hydra closely misses you.
The three-headed hydra bites you!
You die...

≈.≈.≈≈.≈≈.≈≈≈≈≈
≈.≈.≈§≈≈≈.≈≈J≈≈
.....≈≈≈...≈≈§≈
.....≈≈≈.F.n...
.≈≈≈..§≈≈≈.≈≈
....≈≈≈....
....≈≈≈≈.♣
..=..≈≈@.♣
♣.♣≈.≈♣DJ♣
...≈.≈≈≈.♣
.♣♣..≈≈≈<♣
♣...≈♣≈≈♣
♣♣......♣
♣.≈♣.≈≈.♣
♣♣...≈≈..
♣.≈≈.≈≈≈


You could see a three-headed hydra, a large slime creature (fleeing), a slime
creature, a bog body and a spiny frog.

Vanquished Creatures
  Kirke (D:14)
  A fire giant (D:13)
  Louise (D:14)
  A war gargoyle (D:13)
  Nessos (D:13)
  A dire elephant (Lair:6)
  2 fire dragons (D:15)
  2 ogre magi
  4 vault guards (D:14)
  An ice dragon (D:15)
  7 hydras
  A centaur warrior (D:15)
  17 two-headed ogres
  3 catoblepae
  The ghost of Golfball the Basher, a journeyman GrFi of Okawaru (D:10)
  A death knight (D:11)
  3 tengu warriors
  6 death yaks (Lair:3)
  2 orc high priests (Orc:2)
  Sonja (D:10)
  A skeletal warrior (D:11)
  An unseen horror (D:12)
  4 orc knights
  4 lindwurms
  An orb spider (Lair:2)
  A deep elf mage (D:14)
  7 ugly things
  2 manticores (Lair:6)
  5 orc sorcerers (Orc:2)
  A moth of wrath (shapeshifter) (D:15)
  A cyclops (D:14)
  4 black mambas
  Psyche (D:9)
  Joseph (D:10)
  5 gargoyles
  2 torpor snails
  11 elephants
  3 rime drakes
  15 spiny frogs
  4 kobold demonologists
  3 freezing wraiths (D:11)
  3 komodo dragons
  2 tengu conjurers
  A queen bee (D:11)
  8 trolls
  The ghost of Alphaeus the Ducker, an amateur GnMo (D:4)
  3 meliai (D:14)
  7 slime creatures
  A hornet (D:10)
  7 blink frogs (Lair:4)
  A dream sheep (Lair:3)
  14 hippogriffs
  A centaur simulacrum (D:13)
  Sigmund (D:5)
  A spriggan (D:11)
  69 yaks
  2 wyverns
  Grum (D:9)
  2 wraiths
  5 basilisks
  3 hogs (D:13)
  2 hungry ghosts
  2 steam dragons
  4 vampire mosquitoes (D:14)
  A warg (Orc:2)
  6 swamp worms (Lair:4)
  An acid dragon (D:14)
  A soldier ant (D:15)
  14 water moccasins
  9 porcupines
  2 hell hounds (D:8)
  A black bear (D:7)
  29 orc warriors
  7 sky beasts
  6 ogres
  6 phantoms
  3 boggarts (D:14)
  6 ice beasts
  2 necrophages (D:11)
  15 wolves
  20 centaurs
  15 crocodiles
  6 big kobolds
  16 bullfrogs
  A gnoll sergeant (D:10)
  2 wyvern zombies
  4 scorpions
  A wyvern skeleton (D:14)
  29 killer bees
  4 electric eels
  4 wights (D:15)
  3 howler monkeys (D:12)
  A bullfrog zombie (D:5)
  12 crimson imps
  2 quasits
  4 centaur zombies
  6 hounds
  3 jellies
  4 centaur skeletons
  A bullfrog skeleton (D:6)
  27 orc priests
  18 orc wizards
  8 iguanas
  5 hell rats (Lair:4)
  14 worker ants
  A worker ant zombie (D:3)
  2 howler monkey zombies (D:3)
  3 gnolls (D:10)
  4 river rats (Lair:4)
  7 adders
  3 shadow imps
  2 oozes
  2 adder zombies (D:3)
  An adder skeleton (D:9)
  2 dart slugs
  3 leopard geckos
  92 orcs
  3 bats
  7 giant cockroaches
  7 goblins
  12 hobgoblins
  2 jackals (D:1)
  26 kobolds
  5 quokkas
  2 frilled lizards
  A giant cockroach zombie (D:3)
  2 leopard gecko skeletons
  A quokka skeleton (D:3)
  A quokka zombie (D:3)
  16 rats
801 creatures vanquished.

Vanquished Creatures (collateral kills)
  An orc warlord (Orc:2)
  An orc high priest (Orc:2)
  An orc sorcerer (Orc:2)
  A komodo dragon (Lair:3)
  3 dream sheep (Lair:3)
  A centaur simulacrum (D:14)
  A yak (D:13)
  An orc warrior (Orc:2)
  A wolf (Lair:3)
  An orc priest (Orc:2)
  An orc wizard (Orc:2)
  4 orcs (Orc:2)
17 creatures vanquished.

Vanquished Creatures (others)
  A centaur warrior (D:13)
  2 kobolds
  17 fungi
  15 plants
35 creatures vanquished.

Grand Total: 853 creatures vanquished

Notes
Turn   | Place    | Note
-------+----------+-------------------------------------------
     0 | D:1      | Firecrotchwizard the Merfolk Berserker began the quest for the Orb.
     0 | D:1      | Reached XP level 1. HP: 18/18 MP: 1/1
   159 | D:1      | Reached skill level 5 in Polearms
   159 | D:1      | Reached XP level 2. HP: 23/24 MP: 2/2
   602 | D:1      | Reached XP level 3. HP: 26/30 MP: 3/3
  1146 | D:2      | Reached ** piety under Trog
  1293 | D:2      | Reached skill level 4 in Fighting
  1293 | D:2      | Reached skill level 6 in Polearms
  1293 | D:2      | Reached XP level 4. HP: 21/37 MP: 4/4
  1875 | D:3      | Reached skill level 7 in Polearms
  1875 | D:3      | Reached XP level 5. HP: 26/43 MP: 5/5
  2070 | D:3      | Found a shimmering altar of Xom.
  2232 | D:3      | Found a sparkling altar of Nemelex Xobeh.
  2556 | D:3      | Found a faded altar of an unknown god.
  2645 | D:3      | Reached skill level 8 in Polearms
  2915 | D:4      | Reached XP level 6. HP: 42/50 MP: 6/6
  3081 | D:4      | Found Ohonwut's Antique Weapon Emporium.
  3082 | D:4      | Found Muyff's General Store.
  3102 | D:4      | Got a pitted leather armour
  3113 | D:4      | Identified the cursed +0 leather armour of True Grit {rElec rN+ Int+7} (You found it on level 4 of the Dungeon)
  3133 | D:4      | Bought an ichor-stained spear for 160 gold pieces
  3133 | D:4      | Identified the cursed +1 spear of Xawkump {flame, Dex+2} (You bought it in a shop on level 4 of the Dungeon)
  3210 | D:4      | Reached skill level 5 in Fighting
  3214 | D:4      | Reached skill level 9 in Polearms
  3259 | D:4      | Noticed Alphaeus's ghost (amateur GnMo)
  3315 | D:4      | Found a blossoming altar of Fedhas.
  3315 | D:4      | Found an ornate altar of the Wu Jian Council.
  3327 | D:4      | Killed Alphaeus's ghost
  3327 | D:4      | Reached skill level 10 in Polearms
  3327 | D:4      | Reached XP level 7. HP: 57/57 MP: 7/7
  3372 | D:4      | Found Vaiggado's Distillery.
  3524 | D:4      | Found a radiant altar of Vehumet.
  3666 | D:4      | Found a runed door.
  3725 | D:5      | Entered Level 5 of the Dungeon
  3756 | D:5      | Found Uruheh's Assorted Antiques.
  3780 | D:5      | Noticed Sigmund
  3797 | D:5      | Reached skill level 6 in Fighting
  3804 | D:5      | Killed Sigmund
  3804 | D:5      | Reached XP level 8. HP: 52/65 MP: 8/8
  3904 | D:5      | Found a staircase to the Ecumenical Temple.
  3932 | D:5      | Reached skill level 11 in Polearms
  4135 | D:5      | Reached *** piety under Trog
  4370 | D:5      | Found a shadowy altar of Dithmenos.
  4578 | D:5      | Reached skill level 7 in Fighting
  4578 | D:5      | Reached skill level 12 in Polearms
  4881 | D:6      | Found a shattered altar of Ashenzari.
  4927 | D:6      | Reached skill level 13 in Polearms
  4937 | D:6      | Reached XP level 9. HP: 73/73 MP: 9/9
  5150 | D:6      | Reached skill level 8 in Fighting
  5220 | D:6      | Found a sparkling altar of Nemelex Xobeh.
  5731 | D:7      | Reached skill level 14 in Polearms
  5881 | D:7      | Reached **** piety under Trog
  6197 | D:7      | You fall through a shaft for 2 floors!
  6310 | D:8      | Reached skill level 9 in Fighting
  6310 | D:8      | Reached skill level 15 in Polearms
  6435 | D:8      | Reached skill level 3 in Dodging
  6442 | D:8      | Received a gift from Trog
  6463 | D:8      | Noticed a two-headed ogre
  6474 | D:8      | Killed a two-headed ogre
  6474 | D:8      | Reached skill level 3 in Armour
  6474 | D:8      | Reached skill level 5 in Dodging
  6474 | D:8      | Reached XP level 10. HP: 31/83 MP: 10/10
  6872 | D:7      | Found a stormy altar of Qazlal.
  7304 | D:8      | Found a staircase to the Lair.
  7351 | D:8      | Noticed a two-headed ogre
  7356 | D:8      | Killed a two-headed ogre
  7356 | D:8      | Reached skill level 6 in Dodging
  7380 | D:8      | Reached skill level 4 in Armour
  7380 | D:8      | Reached skill level 7 in Dodging
  7835 | D:8      | Noticed a two-headed ogre
  8127 | D:9      | Noticed Grum
  8151 | D:9      | Reached skill level 8 in Dodging
  8159 | D:9      | Killed Grum
  8398 | D:9      | Reached skill level 5 in Armour
  8426 | D:9      | Found a snail-covered altar of Cheibriados.
  8517 | D:9      | Found a staircase to the Orcish Mines.
  8575 | D:9      | Reached skill level 9 in Dodging
  8601 | D:9      | Noticed Psyche
  8628 | D:9      | Killed Psyche
  8628 | D:9      | Reached XP level 11. HP: 89/89 MP: 11/11
  8723 | D:9      | Noticed a two-headed ogre
  8733 | D:9      | Killed a two-headed ogre
  8733 | D:9      | Reached skill level 10 in Dodging
  8923 | D:9      | Reached skill level 6 in Armour
  9097 | D:10     | Entered Level 10 of the Dungeon
  9275 | D:10     | Paralysed by a hornet for 1 turns
  9399 | D:10     | Noticed Golfball's ghost (journeyman GrFi)
  9416 | D:10     | Killed Golfball's ghost
  9416 | D:10     | Reached skill level 11 in Dodging
  9497 | D:10     | Reached ***** piety under Trog
  9792 | D:10     | Noticed Sonja
  9815 | D:10     | Killed Sonja
  9815 | D:10     | Reached skill level 1 in Evocations
  9990 | D:10     | Noticed Joseph
  9992 | D:10     | Paralysed by Joseph for 2 turns
 10001 | D:10     | Killed Joseph
 10128 | D:10     | Reached skill level 2 in Evocations
 10385 | Lair:1   | Entered Level 1 of the Lair of Beasts
 10483 | Lair:1   | Noticed an oklob plant
 10542 | Lair:1   | Reached skill level 3 in Evocations
 10632 | Lair:1   | Reached skill level 4 in Evocations
 10632 | Lair:1   | Reached XP level 12. HP: 95/95 MP: 13/15
 10793 | Lair:1   | Reached skill level 16 in Polearms
 10885 | Lair:2   | Reached skill level 5 in Evocations
 10891 | Lair:2   | HP: 15/96 [elephant (13)]
 10896 | Lair:2   | HP: 7/144 [elephant (3)]
 10903 | Lair:2   | HP: 3/97 [poisoned by a water moccasin]
 11492 | Lair:2   | Found the +9 staff of Wucad Mu {channel}
 11681 | Lair:2   | Reached skill level 6 in Evocations
 11731 | Lair:2   | Reached skill level 10 in Fighting
 11867 | Lair:2   | Found a hole to the Spider Nest.
 11877 | Lair:2   | Reached skill level 7 in Evocations
 12435 | Lair:3   | Noticed an eight-headed hydra
 12440 | Lair:3   | Killed a four-headed hydra
 12440 | Lair:3   | Reached skill level 11 in Fighting
 12471 | Lair:3   | Received a gift from Trog
 12500 | Lair:3   | Noticed a death yak
 12528 | Lair:3   | Killed a death yak
 12596 | Lair:3   | Reached XP level 13. HP: 85/106 MP: 18/18
 12951 | Lair:3   | Reached skill level 12 in Fighting
 13092 | Lair:3   | Reached skill level 17 in Polearms
 13498 | Lair:3   | HP: 29/163 [torpor snail (16)]
 14432 | Lair:4   | Reached skill level 13 in Fighting
 14440 | Lair:4   | Reached skill level 18 in Polearms
 15257 | Lair:4   | Found a staircase to the Swamp.
 15649 | Lair:5   | Got a transparent whip
 15950 | Lair:5   | Found a viscous altar of Jiyva.
 15950 | Lair:5   | Found a staircase to the Slime Pits.
 16163 | Lair:5   | Identified a scroll of acquirement
 16199 | Lair:6   | Entered Level 6 of the Lair of Beasts
 16285 | Lair:6   | Reached XP level 14. HP: 103/119 MP: 19/19
 16428 | Lair:6   | Reached skill level 14 in Fighting
 16428 | Lair:6   | Reached skill level 19 in Polearms
 16891 | Lair:6   | Received a gift from Trog
 17198 | Lair:6   | Noticed a dire elephant
 17202 | Lair:6   | HP: 18/121 [dire elephant (34)]
 17205 | Lair:6   | Killed a dire elephant
 17520 | Lair:6   | Got a bloodstained great sword
 17742 | Lair:6   | Reached skill level 20 in Polearms
 18518 | D:11     | Reached skill level 7 in Armour
 18586 | D:11     | Found Piutak's Distillery.
 18625 | D:11     | Bought a potion of haste for 110 gold pieces
 18625 | D:11     | Bought a potion of haste for 110 gold pieces
 18625 | D:11     | Bought a potion of heal wounds for 55 gold pieces
 18704 | D:11     | Reached skill level 12 in Dodging
 18846 | D:11     | Received a gift from Trog
 19513 | D:11     | Found a shimmering altar of Xom.
 19513 | D:11     | Found a shimmering altar of Xom.
 19513 | D:11     | Found a shimmering altar of Xom.
 19513 | D:11     | Found a shimmering altar of Xom.
 19513 | D:11     | Found a shimmering altar of Xom.
 19513 | D:11     | Found a shimmering altar of Xom.
 19513 | D:11     | Found a shimmering altar of Xom.
 19516 | D:11     | Found a shimmering altar of Xom.
 19539 | D:11     | Found Zuen's Jewellery Emporium.
 19547 | D:11     | Bought the ring "Oxzon" {+Inv rPois rN++ SInv} for 633 gold pieces
 19730 | D:12     | Reached skill level 13 in Dodging
 19787 | D:12     | Reached skill level 8 in Armour
 19800 | D:12     | Reached XP level 15. HP: 114/127 MP: 20/20
 20041 | D:12     | Got a warped golden amulet
 20042 | D:12     | Identified the amulet of the Harvest {Inacc Int+2} (You found it on level 12 of the Dungeon)
 20596 | D:13     | Identified the Reference Book on Changing
 20603 | D:13     | Received a gift from Trog
 20750 | D:13     | Noticed Nessos
 20772 | D:13     | Killed Nessos
 20772 | D:13     | Reached skill level 14 in Dodging
 20864 | D:13     | Reached ****** piety under Trog
 21107 | D:13     | Noticed a fire giant
 21139 | D:13     | Killed a fire giant
 21139 | D:13     | Reached skill level 9 in Armour
 21469 | D:13     | Reached skill level 15 in Fighting
 21822 | D:14     | Found a hide-covered altar of Uskayaw.
 21825 | D:14     | Noticed Kirke
 21841 | D:14     | Killed Kirke
 21853 | D:14     | Found a blossoming altar of Fedhas.
 22096 | Orc:1    | Entered Level 1 of the Orcish Mines
 22786 | Orc:2    | Entered Level 2 of the Orcish Mines
 22786 | Orc:2    | Found a staircase to the Elven Halls.
 22970 | Orc:2    | Noticed an orc warlord
 23021 | Orc:2    | Received a gift from Trog
 23040 | Orc:2    | Killed an orc warlord
 23774 | Orc:2    | Paralysed by an orc sorcerer for 4 turns
 24135 | Orc:2    | Found Fenow's Antique Armour Boutique.
 24136 | Orc:2    | Found Butiwone's Antique Weapon Shop.
 24137 | Orc:2    | Found Veru Tyh's General Store.
 24137 | Orc:2    | Found Kecol's Book Boutique.
 24161 | Orc:2    | Bought a scroll of teleportation for 45 gold pieces
 24161 | Orc:2    | Bought a +1 hat of magic resistance for 240 gold pieces
 24683 | D:14     | Reached skill level 21 in Polearms
 24789 | D:14     | Received a gift from Trog
 25149 | D:14     | Reached XP level 16. HP: 136/138 MP: 7/21
 25159 | D:14     | Reached skill level 16 in Fighting
 25279 | D:14     | HP: 34/138 [poisoned by a meliai]
 25284 | D:14     | HP: 33/138 [poisoned by a meliai]
 25289 | D:14     | HP: 33/138 [poisoned by a meliai]
 25296 | D:14     | HP: 33/138 [poisoned by a meliai]
 25304 | D:14     | HP: 34/138 [poisoned by a meliai]
 25335 | D:14     | Noticed Louise
 25646 | D:14     | Killed Louise
 25802 | D:14     | Found a gate to the Vaults.
 26130 | D:15     | Entered Level 15 of the Dungeon
 26219 | D:15     | Found a portal to a secret trove of treasure.
 26379 | D:15     | Reached skill level 22 in Polearms
 27143 | D:15     | Reached skill level 17 in Fighting
 27407 | D:15     | Found a staircase to the Depths.
 27857 | Swamp:1  | Entered Level 1 of the Swamp
 27883 | Swamp:1  | HP: 30/141 [six-headed hydra (7)]
 27887 | Swamp:1  | HP: 7/141 [three-headed hydra (12)]
 27887 | Swamp:1  | Slain by a three-headed hydra

Skill      XL: |  1  2  3  4  5  6  7  8  9 10 11 12 13 14 15 16 |
---------------+-------------------------------------------------+-----
Polearms       | 5 6 7 8 10 13 15 16 18 20 21 22 | 22.3
Fighting       | 4 5 6 7 9 11 13 14 15 17 | 17.0
Dodging        | 5 9 11 13 14 | 14.3
Armour         | 3 5 6 8 9 |  9.0
Evocations     | 4 7 |  7.7

Action                   |  1- 3 |  4- 6 |  7- 9 | 10-12 | 13-15 | 16-18 || total
-------------------------+-------+-------+-------+-------+-------+-------++-------
Melee: Spear             |   126 |   260 |   153 |       |       |       ||   539
       Trident           |       |       |    92 |   109 |       |       ||   201
       Halberd           |       |       |       |   409 |    63 |    11 ||   483
       Glaive            |       |       |       |    35 |  1290 |   289 ||  1614
       Tailslap          |       |       |       |       |     1 |       ||     1
Throw: Javelin           |       |       |     3 |    48 |       |       ||    51
Invok: Berserk           |     1 |     4 |     1 |     2 |     3 |       ||    11
       Trog's Hand       |       |     1 |     1 |     2 |     4 |       ||     8
       Burn Spellbooks   |       |       |     1 |       |     2 |     1 ||     4
       Brothers in Arms  |       |       |       |     4 |     3 |     2 ||     9
Evoke: Wand              |       |       |     2 |     3 |     4 |       ||     9
  Use: Scroll            |       |     4 |     7 |    13 |    12 |     1 ||    37
       Potion            |       |       |       |     1 |     1 |       ||     2
 Stab: Sleeping          |     1 |       |     1 |     2 |     5 |       ||     9
       Distracted        |       |       |       |     2 |     1 |     1 ||     4
       Held in net/web   |       |       |       |     1 |       |       ||     1
       Paralysed         |       |       |       |       |     3 |       ||     3
       Petrified         |       |       |       |       |     1 |       ||     1
  Eat: Chunk             |     2 |     6 |     6 |    17 |    24 |     6 ||    61
       Ration            |       |     1 |     2 |     2 |     7 |     1 ||    13
Armor: Animal skin       |    11 |       |       |       |       |       ||    11
       Ring mail         |     4 |    45 |     5 |       |       |       ||    54
       Steam dragon scal |       |       |    29 |    77 |   109 |    24 ||   239
       Fire dragon scale |       |       |       |       |       |    15 ||    15
Dodge: Dodged            |    52 |    97 |    71 |   310 |   801 |   215 ||  1546
Block: Other             |       |       |       |     5 |   136 |    33 ||   174
       Reflection        |       |       |       |       |    11 |     3 ||    14

Vault maps used:
D:1:      dpeg_arrival_ratfight
D:2:      first_ration
D:3:      overflow_temple_1_default, chequers_ecumenical_altar_grove,
          serial_undead, serial_undead_b, serial_undead_f, serial_undead_c,
          serial_undead_b, serial_undead_d, serial_undead_c,
          nemelex_dance_club_becter
D:4:      vehumet_statue, chequers_temple_overflow_statue_of_worship,
          serial_shops, shop, shop, shop_statue, uniq_crazy_yiuf_cottage
D:5:      kennysheep_steamy, minmay_temple_entry_junction_2, serial_shops, shop,
          nicolae_dithmenos_the_darkroom, uniq_sigmund
D:6:      evilmike_ruin_ashenzari, lemuel_coloured_pillars_altar
D:7:      minmay_the_grid_octo_tiled_squarecenter, grunt_qazlal_clouds,
          uniq_pikel
D:8:      minmay_lair_entry_lava
D:9:      nicolae_overflow_crystal_walls, orc_0_dummy, uniq_grum, uniq_psyche
D:10:     uniq_joseph, uniq_sonja
D:11:     serial_shops, shop, nicolae_shop_behind_doors, special_room,
          hangedman_stone_soup, minmay_gold_behind_fungi, fungi_pond_lemuel,
          kennysheep_nondescript, xom_shifter_show
D:12:     serial_bayou, serial_bayou_lagoon_a, serial_bayou_pond_b,
          serial_bayou_shore_a, serial_bayou_pond_d, hangedman_decor_lopped
D:13:     minmay_outward_triangles, minmay_stone_trees_small, uniq_nessos,
          uniq_kirke
D:14:     lightli_vaults_fourway_checkpoint, basic_altar, fedhas_altar_2,
          uniq_louise
D:15:     grunt_enter_depths_hoard, solitary_fountain, enter_trove_0
Lair:1:   minmay_lair_oklob_tunnel
Lair:2:   nicolae_spider_entry_orb_guardian
Lair:3:   lab_entry_generic, grunt_megastairs_4, minmay_lair_oklob_chamber
Lair:4:   nicolae_swamp_entry_splash_gauntlet, serial_bayou_pond_b,
          kennysheep_abandoned_house, serial_bayou_shore_b, lemuel_fruit_tree
Lair:5:   slime_altar_1
Lair:6:   hangedman_lair_in_review, st_stairs_7, serial_bayou_shore_b
Swamp:1:  gammafunk_mikee_crab_dinner, hangedman_swamp_diagram
Orc:2:    st_orc_congregation

Table legend:
 A = Turns spent in this place as a percentage of turns spent in the entire game.
 B = Non-inter-level travel turns spent in this place as a percentage of non-inter-level travel turns spent in the entire game.
 C = Inter-level travel turns spent in this place as a percentage of turns spent in this place.
 D = Turns resting spent in this place as a percentage of non-inter-level travel turns spent in this place.
 E = Turns spent auto-exploring this place as a percentage of non-inter-level travel turns spent in this place.
 F = Non-inter-level travel turns spent in this place divided by the number of levels of this place that you've seen.
                   A       B       C       D       E      F
               +-------+-------+-------+-------+-------+----------------------
         Total | 100.0 | 100.0 |   6.0 |  30.6 |  49.9 | 1092.2
       Dungeon |  63.4 |  62.6 |   7.2 |  29.0 |  51.2 | 1094.7
          Lair |  28.6 |  29.1 |   4.4 |  33.8 |  48.7 | 1271.7
         Swamp |   0.1 |   0.1 |   0.0 |   0.0 |   0.0 |  30.0
  Orcish Mines |   7.8 |   8.1 |   2.6 |  31.5 |  45.3 | 1065.5
               +-------+-------+-------+-------+-------+----------------------

Table legend:
 A = Kills in this place as a percentage of kills in entire the game.
 B = Kills by you in this place as a percentage of kills by you in the entire game.
 C = Kills by friends in this place as a percentage of kills by friends in the entire game.
 D = Other kills in this place as a percentage of other kills in the entire game.
 E = Experience gained in this place as a percentage of experience gained in the entire game.
 F = Experience gained in this place divided by the number of levels of this place that you have seen.
                   A       B       C       D       E      F
               +-------+-------+-------+-------+-------+----------------------
         Total | 100.0 | 100.0 | 100.0 | 100.0 | 100.0 | 6694.4
       Dungeon |  60.7 |  61.7 |  11.8 | 100.0 |  55.0 | 5890.4
          Lair |  24.3 |  24.2 |  29.4 |   0.0 |  34.8 | 9330.8
         Swamp |   0.2 |   0.2 |   0.0 |   0.0 |   0.4 | 662.0
  Orcish Mines |  14.8 |  13.9 |  58.8 |   0.0 |   9.7 | 7831.0
               +-------+-------+-------+-------+-------+----------------------
